 Dungeon Crawl Stone Soup version 0.31.0-12-g77e489cdc1 (webtiles) character file.

Game seed: 11949378702471262743

50 Brozuf the Digger (level 3, -3/19 HPs)
             Began as a Gargoyle Earth Elementalist on Feb 22, 2024.
             Incinerated by a bombardier beetle (7 damage)
             ... with a burning spray
             ... on level 2 of the Dungeon.
             The game lasted 00:03:33 (1623 turns).

Brozuf the Digger (Gargoyle Earth Elementalist)     Turns: 1623, Time: 00:03:34

Health: -3/19      AC:  8    Str: 11    XL:     3   Next: 79%
Magic:  1/6        EV: 12    Int: 17    God:
Gold:   24         SH:  0    Dex: 10    Spells: 5/6 levels left

rFire   . . .        e - +0 dagger
rCold   . . .        (no shield)
rNeg    + . .        a - +0 robe
rPois   ∞            c - +2 helmet
rElec   +            (no cloak)
rCorr   .            (no gloves)
SInv    .            (no boots)
Will    .....        (no amulet)
Stlth   +            (no ring)
HPRegen 0.23/turn    (no ring)
MPRegen 0.10/turn

%: no passive effects
@: on fire, glowing
A: sickness immunity, AC +3, negative energy resistance 1, electricity
resistance, torment resistance 1, petrification resistance
a: no special abilities


You were on level 2 of the Dungeon.
You visited 1 branch of the dungeon, and saw 2 of its levels.

You collected 24 gold pieces.

Inventory:

Hand Weapons
 e - a +0 dagger (weapon)
Armour
 a - a +0 robe (worn)
 c - a +2 helmet (worn)
Jewellery
 d - a ring of ice
 f - a ring of positive energy
Scrolls
 h - 2 scrolls of teleportation {unknown}
 i - 2 scrolls of identify {unknown}
Potions
 b - a potion of magic
 g - a potion of lignification {unknown}
 j - a potion of haste {unknown}


   Skills:
 + Level 2.0 Dodging
 + Level 2.8 Stealth
 + Level 2.3 Spellcasting
 + Level 1.9 Conjurations
 + Level 4.1 Earth Magic


You had 5 spell levels left.
You knew the following spells:

 Your Spells              Type           Power      Damage    Failure   Level
a - Sandblast             Erth           32%        2d9       3%          1

Your spell library contained the following spells:

 Spells                   Type           Power      Damage    Failure   Level
 Passwall                 Erth           16%        N/A       11%         3
 Sting                    Conj/Alch      20%        1d4       13%         1
 Stone Arrow              Conj/Erth      24%        3d8       16%         3
 Apportation              Tloc           4%         N/A       19%         1
 Necrotise                Necr           8%         1d4       19%         1
 Summon Small Mammal      Summ           8%         N/A       19%         1
 Call Imp                 Summ           4%         N/A       28%         2
 Brom's Barrelling Bould  Conj/Erth      12%        2d4       47%         4
 Petrify                  Alch/Erth      9%         N/A       63%         4
 Summon Hydra             Summ           1%         N/A       100%        7
 Sublimation of Blood     Necr           Unusable   N/A       N/A         2

Dungeon Overview and Level Annotations

Branches:
Dungeon (2/15)

Altars:
Xom

Shops:
D:1 *


Innate Abilities, Weirdness & Mutations

You are immune to sickness and miasma.
Your stone body is resilient. (AC +3)
You are immune to poison.
You resist negative energy. (rN+)
You are resistant to electric shocks. (rElec)
You are resistant to unholy torment.
You are immune to petrification.


Message History

Aim: a bombardier beetle (wandering, hasn't noticed you, 89% to hit)
The blast of sand hits the bombardier beetle.
The bombardier beetle is lightly wounded.
Casting: Sandblast (safe; 3% risk of failure)
Confirm with . or Enter, or press ? or * to list all spells.
Aiming: Sandblast (safe; 3% risk of failure)
Press: ? - help, Shift-Dir - straight line, f/p - bombardier beetle
Aim: a bombardier beetle (lightly wounded, 89% to hit)
The blast of sand hits the bombardier beetle!
The bombardier beetle is heavily wounded.
The bombardier beetle sprays incendiary fluid at you.
The burning spray hits you.
You are covered in liquid fire!
Casting: Sandblast (safe; 3% risk of failure)
Confirm with . or Enter, or press ? or * to list all spells.
Aiming: Sandblast (safe; 3% risk of failure)
Press: ? - help, Shift-Dir - straight line, f/p - bombardier beetle
Aim: a bombardier beetle (heavily wounded, 89% to hit)
The blast of sand hits the bombardier beetle but does no damage.
The bombardier beetle is heavily wounded.
The liquid fire burns you!
Casting: Sandblast (safe; 3% risk of failure)
Confirm with . or Enter, or press ? or * to list all spells.
Aiming: Sandblast (safe; 3% risk of failure)
Press: ? - help, Shift-Dir - straight line, f/p - bombardier beetle
Aim: a bombardier beetle (heavily wounded, 89% to hit)
The blast of sand hits the bombardier beetle.
The bombardier beetle is severely wounded.
The liquid fire burns you!
* * * LOW HITPOINT WARNING * * *
Unknown command.
Casting: Sandblast (safe; 3% risk of failure)
Confirm with . or Enter, or press ? or * to list all spells.
Aiming: Sandblast (safe; 3% risk of failure)
Press: ? - help, Shift-Dir - straight line, f/p - bombardier beetle
Aim: a bombardier beetle (severely wounded, 89% to hit)
The blast of sand hits the bombardier beetle!
You kill the bombardier beetle!
The liquid fire burns you!
You die...

#.##.##.# #
#.##.##.# #
#.......# #
####.#### #
#.# #.# #####
#.# #...
#.####.####...
#.....@....#
######.###.#
#... ####..
..# ##


There were no monsters in sight!

Vanquished Creatures
  A bombardier beetle (D:2)
  An adder (D:2)
  A dart slug (D:1)
  A ribbon worm (D:2)
  5 ball pythons (D:1)
  An endoplasm (D:1)
  2 giant cockroaches (D:1)
  5 goblins
  2 hobgoblins
  4 jackals (D:2)
  3 bats
  A frilled lizard (D:1)
  4 kobolds (D:1)
  5 rats
36 creatures vanquished.

Notes
Turn   | Place    | Note
-------+----------+-------------------------------------------
     0 | D:1      | Brozuf the Gargoyle Earth Elementalist began the quest for
                  | the Orb.
     0 | D:1      | Reached XP level 1. HP: 10/10 MP: 3/3
   313 | D:1      | Reached XP level 2. HP: 15/15 MP: 1/5
   552 | D:1      | Found Micrunn's Assorted Antiques.
  1023 | D:1      | Reached XP level 3. HP: 19/19 MP: 3/6
  1346 | D:2      | Found a shimmering altar of Xom.
  1351 | D:2      | Reached skill level 4 in Earth Magic
  1623 | D:2      | Incinerated by a bombardier beetle

Illustrated notes

Levels and vault maps discovered:
D:1:      nicolae_arrival_washed_ashore, layout_basic, serial_shops,
          nicolae_shop_overgrown_old_shop, kennysheep_boxes
D:2:      layout_loops_corners, basic_altar, uniq_natasha

Skill      XL: |  1  2  3 |
---------------+----------+-----
Earth Magic    | 4 |  4.1
Dodging        | 2 |  2.0
Stealth        | |  2.8
Spellcasting   | |  2.3
Conjurations   | |  1.9

Action                     || total
---------------------------++-------
  Melee: Unarmed           ||     6
         Dagger            ||     5
   Cast: Sandblast         ||    56
   Stab: Sleeping          ||     1
 Armour: Robe              ||    19
  Dodge: Dodged            ||    28
